 Dungeon Crawl Stone Soup version 0.30.1-11-g7821555f0a (webtiles) character file.

Game seed: 2276751189877120081

5134 user2938 the Severer (level 10, -1/95 HPs)
             Began as a Minotaur Fighter on Nov 4, 2023.
             Was an Initiate of Gozag.
             Slain by Erica
             ... wielding a +2 scimitar of flaming
              (7 damage)
             ... on level 8 of the Dungeon.
             The game lasted 00:12:12 (9895 turns).

user2938 the Severer (Minotaur Fighter)             Turns: 9895, Time: 00:12:13

Health: -1/95      AC: 12    Str: 25    XL:     10   Next: 33%
Magic:  9/9        EV:  6    Int:  5    God:    Gozag
Gold:   229        SH:  0    Dex: 10    Spells: 9/9 levels left

rFire   + . .        G - +0 broad axe (freeze)
rCold   + . .        c - +0 buckler
rNeg    . . .        D - +0 plate armour
rPois   +            (helmet restricted)
rElec   +            t - scarf {shadows}
rCorr   +            (no gloves)
SInv    .            x - +0 pair of boots
Will    .....        (no amulet) Stlth
                     (no ring)
HPRegen 0.35/turn    (no ring)
MPRegen 0.11/turn

%: no passive effects
@: confused, resistant, gold aura, studying Unarmed Combat
A: horns 2, retaliatory headbutt
a: Renounce Religion, Potion Petition, Call Merchant, Bribe Branch


You were on level 8 of the Dungeon.
You worshipped Gozag.
Gozag was aware of your devotion.
You visited 1 branch of the dungeon, and saw 8 of its levels.

You collected 1185 gold pieces.
You spent 101 gold pieces at shops.
You paid 855 gold pieces to Gozag.

Inventory:

Hand Weapons
 w - the +7 mace of the Whelk {heavy, Str+3}
   (You found it on level 4 of the Dungeon)

   Str:       It affects your strength (+3).
 G - a +0 broad axe of freezing (weapon)
Missiles
 o - 18 poisoned darts (quivered)
 E - a curare-tipped dart
Armour
 c - a +0 buckler (worn)
 t - a scarf of shadows (worn)
 x - a +0 pair of boots (worn)
 D - a +0 plate armour (worn)
Wands
 b - a wand of flame (34)
 p - a wand of iceblast (8)
 A - a wand of charming (26)
Scrolls
 e - 3 scrolls of blinking {unknown}
 g - 7 scrolls of identify {unknown}
 i - 4 scrolls of teleportation {unknown}
 j - a scroll of fog {unknown}
 m - 3 scrolls of magic mapping {unknown}
 n - 2 scrolls of enchant weapon {unknown}
 q - a scroll of noise {unknown}
 s - 4 scrolls of enchant armour {unknown}
 v - a scroll of poison {unknown}
 y - a scroll of butterflies {unknown}
 B - a scroll of immolation {unknown}
 C - a scroll of vulnerability {unknown}
Potions
 d - 3 potions of might
 f - 3 potions of curing {unknown}
 h - a potion of heal wounds {unknown}
 k - 2 potions of attraction {unknown}
 l - 3 potions of brilliance {unknown}
 r - a potion of haste {unknown}
 u - 2 potions of flight {unknown}
 z - a potion of lignification {unknown}
 F - a potion of magic {unknown}


   Skills:
 - Level 11.0 Fighting
 + Level 15.0 Axes
 - Level 3.6 Armour
 - Level 3.6 Shields


You had 9 spell levels left.
You didn't know any spells.
Your spell library contained the following spells:

 Spells                   Type           Power      Damage    Failure   Level
 Beastly Appendage        Tmut           0%         N/A       100%        1
 Foxfire                  Conj/Fire      0%         2x1d4     100%        1
 Magic Dart               Conj           0%         1d3       100%        1
 Slow                     Hex            0%         N/A       100%        1
 Call Imp                 Summ           0%         N/A       100%        2
 Wereblood                Tmut           0%         N/A       100%        2
 Confusing Touch          Hex            0%         N/A       100%        3
 Mephitic Cloud           Conj/Pois/Air  0%         N/A       100%        3
 Ozocubu's Armour         Ice            0%         N/A       100%        3
 Spider Form              Tmut/Pois      0%         N/A       100%        3
 Vampiric Draining        Necr           0%         2d6       100%        3
 Volatile Blastmotes      Fire/Tloc      0%         2d10      100%        3
 Fulminant Prism          Conj/Hex       0%         3d5       100%        4
 Iskenderun's Mystic Bla  Conj/Tloc      0%         2d3       100%        4
 Fireball                 Conj/Fire      0%         3d3       100%        5
 Lee's Rapid Deconstruct  Erth           0%         3d4*      100%        5
 Metabolic Englaciation   Hex/Ice        0%         N/A       100%        5
 Plasma Beam              Fire/Air       0%         2x1d11    100%        6
 Starburst                Conj/Fire      0%         6d3       100%        6
 Simulacrum               Ice/Necr       Unusable   N/A       N/A         6

Dungeon Overview and Level Annotations

Branches:
Dungeon (8/15)             Temple (0/1) D:5
   Lair: D:8-11

Altars:
Ashenzari
Cheibriados
Dithmenos
Gozag
Makhleb
Nemelex Xobeh
Sif Muna

Shops:
D:8 (

Annotations:
D:8 Erica


Innate Abilities, Weirdness & Mutations

You have a pair of horns on your head.
You reflexively headbutt those who attack you in melee.


Message History

The orc priest casts a cantrip, but nothing happens.
Something hits you.
* * * LOW HITPOINT WARNING * * *
The killer bee barely misses you. You furiously retaliate!
You headbutt the killer bee. You miss the killer bee.
The killer bee buzzes angrily.
Your headbutt misses the killer bee.
The killer bee is almost dead.
You miss something.
The killer bee is no longer distracted by gold.
The killer bee closely misses you. You furiously retaliate!
You headbutt the killer bee!
You kill the killer bee!
The killer bee is distracted by your dazzling golden aura.
Something hits you.
* * * LOW HITPOINT WARNING * * *
Something burns you.
* * * LOW HITPOINT WARNING * * *
The orc priest casts a cantrip, but nothing happens.
You barely miss something. Your headbutt misses something.
You miss the killer bee.
The killer bee is no longer distracted by gold.
You feel yourself speed up. You block the killer bee's attack.
The orc priest is distracted by your dazzling golden aura.
Something hits you.
* * * LOW HITPOINT WARNING * * *
The killer bee stings you but does no damage.
The orc priest shouts!
You slash the killer bee! You freeze the killer bee.
You kill the killer bee!
You slash something! You freeze something!
You hear some strange, mumbled words.
You are confused.
Unknown command.
You see here 16 gold pieces.
Something hits you!
You die...
Your body crumbles into a pile of gold.

§≈...≈.≈..# #.<.....
§≈._.≈.≈..# #.......
.≈...≈.≈..# .#.......
.≈≈≈≈≈.≈..# #.........
..§....≈..## ##........
≈.≈§≈≈≈≈...# ...###..#.
...§.....#.# #.## ##.#.
##...#####.###########...##
#.#.
##.######+#....@.$(o.....#
..##
#.....#≈.##..#####(.#....
..# #.#.##≈≈.###.# .##.# ##
.## ###..'..∩..'.# .# ⌠.#
######.≈≈#.# w# ##
#.≈#..#.. #+#...#. ..#.# $
####...


You could see an orc priest.

Vanquished Creatures
  Gastronok (D:8)
  The ghost of ioannis32 the Trooper, an amateur DsBe of Trog (D:4)
  Grinder (D:5)
  Eustachio (D:4)
  A wraith (D:8)
  A water moccasin (D:7)
  3 black bears
  3 ice beasts
  2 ogres
  3 orc warriors (D:7)
  3 centaurs
  A phantom (D:6)
  2 kobold brigands
  Blork the orc (D:6)
  7 bullfrogs
  A gnoll sergeant (D:8)
  6 wights (D:7)
  5 killer bees (D:8)
  2 jellies (D:6)
  4 orc priests
  2 iguanas
  Natasha (thrice) (D:2)
  8 orc wizards
  Robin (D:2)
  8 gnolls
  5 adders
  2 worms (D:2)
  2 dart slugs
  33 orcs
  8 ball pythons
  9 endoplasms
  4 giant cockroaches
  24 goblins
  3 hobgoblins
  2 jackals (D:1)
  4 quokkas
  3 bats
  A frilled lizard (D:2)
  21 kobolds
  A rat (D:1)
193 creatures vanquished.

Notes
Turn   | Place    | Note
-------+----------+-------------------------------------------
     0 | D:1      | user2938 the Minotaur Fighter began the quest for the Orb.
     0 | D:1      | Reached XP level 1. HP: 19/19 MP: 0/0
   135 | D:1      | Reached skill level 3 in Axes
   165 | D:1      | Reached XP level 2. HP: 26/26 MP: 1/1
   473 | D:1      | Reached skill level 4 in Axes
   695 | D:2      | Reached XP level 3. HP: 25/31 MP: 2/2
   747 | D:2      | Noticed Robin
   760 | D:2      | Killed Robin
   770 | D:2      | Reached skill level 5 in Axes
   961 | D:2      | Reached XP level 4. HP: 38/39 MP: 3/3
  1030 | D:2      | Reached skill level 6 in Axes
  1270 | D:2      | Reached XP level 5. HP: 40/45 MP: 4/4
  1537 | D:2      | Noticed Natasha
  1545 | D:2      | Killed Natasha
  2166 | D:2      | Noticed Natasha
  2187 | D:2      | Killed Natasha
  2188 | D:2      | Reached skill level 7 in Axes
  2478 | D:2      | Noticed Natasha
  2483 | D:2      | Killed Natasha
  3376 | D:4      | Identified the +7 mace of the Whelk {heavy, Str+3}
  3388 | D:4      | Noticed Eustachio
  3422 | D:4      | Killed Eustachio
  3423 | D:4      | Reached skill level 8 in Axes
  3423 | D:4      | Reached XP level 6. HP: 24/51 MP: 5/5
  3746 | D:4      | Found a runed translucent gate.
  3746 | D:4      | Found an opulent altar of Gozag.
  3747 | D:4      | Found a runed translucent gate.
  3747 | D:4      | Found a runed translucent gate.
  3749 | D:4      | Noticed ioannis32's ghost (amateur DsBe)
  3790 | D:4      | Killed ioannis32's ghost
  3791 | D:4      | Reached skill level 9 in Axes
  3791 | D:4      | Reached XP level 7. HP: 12/57 MP: 6/6
  3809 | D:4      | Became a worshipper of Gozag Ym Sagoz the Greedy
  4207 | D:4      | Found a burning altar of Makhleb.
  4241 | D:4      | Reached skill level 10 in Axes
  4598 | D:5      | Entered Level 5 of the Dungeon
  4738 | D:5      | Found a snail-covered altar of Cheibriados.
  4739 | D:5      | Found an opulent altar of Gozag.
  4832 | D:5      | Found a shadowy altar of Dithmenos.
  4853 | D:5      | Noticed Grinder
  4867 | D:5      | Paralysed by Grinder for 2 turns
  4882 | D:5      | Paralysed by Grinder for 5 turns
  4894 | D:5      | Paralysed by Grinder for 4 turns
  4902 | D:5      | Killed Grinder
  4903 | D:5      | Reached skill level 11 in Axes
  4903 | D:5      | Reached XP level 8. HP: 30/67 MP: 7/7
  5025 | D:5      | Reached skill level 5 in Fighting
  5096 | D:5      | Found a broken altar of Ashenzari.
  5132 | D:5      | Found a staircase to the Ecumenical Temple.
  5375 | D:6      | Noticed Blork the orc
  5383 | D:6      | Killed Blork the orc
  5745 | D:6      | Found a sparkling altar of Nemelex Xobeh.
  6654 | D:7      | Reached XP level 9. HP: 81/85 MP: 8/8
  6965 | D:7      | Reached skill level 10 in Fighting
  7627 | D:7      | Reached skill level 12 in Axes
  9268 | D:7      | Reached skill level 13 in Axes
  9792 | D:8      | Found a shimmering blue altar of Sif Muna.
  9820 | D:8      | Reached XP level 10. HP: 95/95 MP: 9/9
  9837 | D:8      | Found Biyck's Weapon Shoppe.
  9845 | D:8      | Bought a +0 broad axe of freezing for 101 gold pieces
  9862 | D:8      | Noticed Gastronok
  9881 | D:8      | Noticed Erica
  9884 | D:8      | Killed Gastronok
  9885 | D:8      | Reached skill level 14 in Axes
  9887 | D:8      | Reached skill level 15 in Axes
  9889 | D:8      | HP: 2/95 [something (6)]
  9895 | D:8      | Slain by Erica

Illustrated notes

Levels and vault maps discovered:
D:1:      giann_forest_graveyard, layout_loops_ring, st_stairs_3
D:2:      layout_loops_corners, uniq_natasha, uniq_robin
D:3:      layout_loops_ring, saegor_snake_ambush
D:4:      layout_loops_ring, lightli_temple_of_fire, ebering_ghost_gozag,
          uniq_eustachio
D:5:      layout_rooms, nicolae_dithmenos_the_darkroom,
          lemuel_coloured_pillars_altar, nicolae_overflow_squiral, uniq_grinder
D:6:      layout_loops_ring, nemelex_xobeh_ov_fountains_minmay,
          grunt_decor_one_mirror, lightli_corner_chamber, uniq_blork_the_orc
D:7:      layout_layer_cave, minmay_misc_feat_pillars
D:8:      cheibrodos_helix_gallery, layout_rooms,
          mainiacjoe_overflow_concentric_impassable, serial_shops,
          nicolae_shop_hallway_plus, grunt_decor_mini_mirrors, uniq_gastronok,
          uniq_erica

Skill      XL: |  1  2  3  4  5  6  7  8  9 10 |
---------------+-------------------------------+-----
Axes           | 3 4 5 6 8 9 11 13 15 | 15.0
Fighting       | 4 9 11 | 11.0
Armour         | |  3.6
Shields        | |  3.6

Action                     |  1- 3 |  4- 6 |  7- 9 | 10-12 || total
---------------------------+-------+-------+-------+-------++-------
  Melee: War axe           |    81 |   155 |   268 |       ||   504
         Headbutt          |    13 |    25 |    40 |     4 ||    82
         Broad axe         |       |       |       |    20 ||    20
  Throw: Dart              |       |       |    17 |     5 ||    22
 Invoke: Potion Petition   |       |       |       |     1 ||     1
    Use: Potion            |       |     1 |       |       ||     1
   Stab: Distracted        |       |       |     1 |       ||     1
 Armour: Scale mail        |    39 |    22 |       |       ||    61
         Chain mail        |       |    45 |    64 |       ||   109
         Plate armour      |       |       |    72 |     5 ||    77
  Dodge: Dodged            |    52 |    55 |    80 |     8 ||   195
  Block: Buckler           |    23 |    26 |    52 |     6 ||   107
